 Dungeon Crawl Stone Soup version 0.21.1-1-g345015fe64 (webtiles) character file.

562452 Jannitor the Devout (level 27, -1/215 HPs)
             Began as a Gnoll Arcane Marksman on May 17, 2018.
             Was a Priest of Zin.
             Killed from afar by a titan (37 damage)
             ... with a bolt of lightning
             ... created by the fury of Okawaru
             ... in the Vestibule of Hell on May 18, 2018.
             The game lasted 03:38:45 (71205 turns).

Jannitor the Devout (Gnoll Arcane Marksman)        Turns: 71205, Time: 03:38:45

Health: -1/215     AC: 36    Str: 26    XL:     27
Magic:  39/39      EV: 17    Int: 40    God:    Zin [***...]
Gold:   1338       SH:  0    Dex: 21    Spells: 4/60 levels left

rFire    + + .     SeeInvis +   a - +8 great mace (crush)
rCold    + . .     Gourm    .   (shield currently unavailable)
rNeg     + + .     Faith    .   M - +1 gold dragon scales
rPois    +         Spirit   .   s - +2 helmet of Layrhuqi {Str+5 Int+7 Dex+4}
rElec    .         Reflect  .   e - +1 cloak {rPois}
rCorr    +         Harm     .   J - +2 pair of gloves {archery}
MR       ++...                  D - +2 pair of boots {Fly}
Stlth    ..........             z - amulet of the Many Ghosts {rN+ Regen+ Int+4 SInv}
HPRegen  0.85/turn              C - ring of Fedhas's Hope {rF+ rN+}
MPRegen  0.26/turn              A - ring "Iclogh" {rCorr Str-4 Int+9 Slay+5 SInv}

@: mighty
A: distributed training, fangs 1, low mp 1, strong nose
}: 2/15 runes: barnacled, gossamer
a: Recite, Vitalisation, Imprison, Donate Gold, Renounce Religion, Evoke Flight


You were in the Vestibule of Hell.
You worshipped Zin.
Zin was most pleased with you.
You were not hungry.

You visited 11 branches of the dungeon, and saw 48 of its levels.
You visited the Abyss 1 time.
You also visited: Labyrinth, Trove and Volcano.

You collected 6412 gold pieces.
You spent 3612 gold pieces at shops.
You donated 1462 gold pieces to Zin.

Inventory:

Hand Weapons
 a - a +8 great mace of crushing (weapon)
 b - the +10 arbalest "Roedyke" {velocity, *Slow rPois MR+++}
   (You found it on level 3 of the Elven Halls)

   Any bolt fired from it inflicts extra damage.
   It protects you from poison.
   It affects your resistance to hostile enchantments.
   It may slow you when you take damage.
Missiles
 m - 1300 bolts
 L - 24 steel javelins (quivered)
 O - 15 silver javelins
 Q - 7 throwing nets
Armour
 e - a +1 cloak of poison resistance (worn)
 s - the +2 helmet of Layrhuqi (worn) {Str+5 Int+7 Dex+4}
   (You took it off Robin on level 2 of the Dungeon)

   It affects your strength (+5).
   It affects your intelligence (+7).
   It affects your dexterity (+4).
 D - a +2 pair of boots of flying (worn)
 J - a +2 pair of gloves of archery (worn)
 M - +1 gold dragon scales (worn)
Jewellery
 y - an uncursed ring of protection from magic
 z - the amulet of the Many Ghosts (around neck) {rN+ Regen+ Int+4 SInv}
   (You found it on level 13 of the Dungeon)

   [amulet of regeneration]

   It affects your intelligence (+4).
   It protects you from negative energy.
   It lets you see invisible.
   It increases your rate of regeneration.
 A - the ring "Iclogh" (right hand) {rCorr Str-4 Int+9 Slay+5 SInv}
   (You found it in a treasure trove)

   [ring of resist corrosion]

   It affects your strength (-4).
   It affects your intelligence (+9).
   It affects your accuracy and damage with ranged weapons and melee attacks
   (+5).
   It lets you see invisible.
 C - the ring of Fedhas's Hope (left hand) {rF+ rN+}
   (You found it in a treasure trove)

   [ring of positive energy]

   It protects you from fire.
   It protects you from negative energy.
Wands
 d - a wand of disintegration (27)
 j - a wand of flame (49)
 x - a wand of paralysis (94)
 F - a wand of clouds (2)
 G - a wand of acid (38)
 H - a wand of enslavement (39)
 S - a wand of scattershot (5)
 T - a wand of digging (10)
 X - a wand of iceblast (29)
Scrolls
 g - 8 scrolls of amnesia
 h - 3 scrolls of brand weapon
 i - 3 scrolls of identify
 o - 8 scrolls of fog
 r - 3 scrolls of teleportation
 u - 4 scrolls of summoning
 v - 8 scrolls of fear
 w - 8 scrolls of magic mapping
 B - 25 scrolls of remove curse
 V - a scroll of silence
 W - a scroll of holy word
Potions
 c - 9 potions of agility
 k - 4 potions of curing
 n - 2 potions of invisibility
 t - 2 potions of berserk rage
 E - 4 potions of mutation
 I - 4 potions of might
 K - 2 potions of cancellation
 N - a potion of ambrosia
 P - 9 potions of brilliance
 R - a potion of haste
 Z - 2 potions of magic
Miscellaneous
 l - a sack of spiders
 p - a fan of gales
 Y - a lamp of fire (inert)
Comestibles
 f - 58 rations


   Skills:
 + Level 17.2 Fighting
 + Level 17.1 Short Blades
 + Level 17.1 Long Blades
 + Level 17.1 Axes
 + Level 17.1 Maces & Flails
 + Level 17.1 Polearms
 + Level 17.1 Staves
 + Level 17.1 Slings
 + Level 17.1 Bows
 + Level 17.1 Crossbows
 + Level 17.5 Throwing
 + Level 17.1 Armour
 + Level 17.5 Dodging
 + Level 17.1 Stealth
 + Level 17.1 Shields
 + Level 17.1 Unarmed Combat
 + Level 17.3 Spellcasting
 + Level 14.7 Conjurations
 + Level 15.5 Hexes
 + Level 14.7 Charms
 + Level 15.9 Summonings
 + Level 14.7 Necromancy
 + Level 14.7 Translocations
 + Level 14.7 Transmutations
 + Level 14.7 Fire Magic
 + Level 14.7 Ice Magic
 + Level 14.7 Air Magic
 + Level 14.7 Earth Magic
 + Level 14.7 Poison Magic
 + Level 18.4 Invocations
 + Level 17.1 Evocations


You had 4 spell levels left.
You knew the following spells:

 Your Spells              Type           Power        Failure   Level  Hunger
a - Metabolic Englaciati  Hex/Ice        ########..   1%          5    None
b - Slow                  Hex            ########     1%          2    None
c - Portal Projectile     Hex/Tloc       ######       1%          3    None
d - Cause Fear            Hex            ########..   1%          4    None
e - Tukima's Dance        Hex            ########     1%          3    None
f - Silence               Hex/Air        ########..   1%          5    None
g - Passwall              Tmut/Erth      ########..   1%          2    None
h - Leda's Liquefaction   Hex/Erth       ########..   1%          4    None
i - Alistair's Intoxicat  Tmut/Pois      ########     1%          5    None
j - Haunt                 Necr/Summ      ########..   22%         7    #......
k - Regeneration          Chrm/Necr      ########..   1%          3    None
l - Spectral Weapon       Hex/Chrm       ########     1%          3    None
m - Song of Slaying       Chrm           ########     1%          2    None
n - Blink                 Tloc           N/A          1%          2    None
o - Death Channel         Necr           ########..   5%          6    None


Dungeon Overview and Level Annotations

Branches:
Dungeon (15/15)            Temple (1/1) D:5            Lair (6/6) D:11
 Shoals (4/4) Lair:2       Spider (4/4) Lair:2        Slime (0/5) Lair:5
    Orc (2/2) D:10            Elf (3/3) Orc:2        Vaults (4/5) D:13
  Crypt (3/3) Vaults:2       Tomb (0/3) Crypt:3      Depths (5/5) D:15
   Hell (1/1)                 Zot (0/5) Depths:5
    Dis: Hell:1         Geh: Hell:1         Coc: Hell:1         Tar: Hell:1

Altars:
Ashenzari
Cheibriados
Dithmenos
Elyvilon
Fedhas
Gozag
Hepliaklqana
Kikubaaqudgha
Makhleb
Nemelex Xobeh
Okawaru
Qazlal
Ru
Sif Muna
Trog
Uskayaw
Vehumet
Wu Jian
Xom
Yredelemnul
Zin
The Shining One
Beogh
Jiyva

Shops:
D:6 [   D:11 [   D:14 =   Orc:2 !}[(   Elf:1 *   Shoals:3 }   Vaults:2 ?
Vaults:3 [*!**   Vaults:4 [!   Depths:4 (

Portals:
Hell: Depths:1 Depths:2 Depths:3 Depths:4 Depths:5
Abyss: Depths:2 Depths:4
Pandemonium: Depths:3
Ziggurat: Depths:4

Annotations:
D:12 exclusion: ugly thing
Shoals:2 exclusions: downstairs and kraken
Shoals:3 exclusions: downstairs, 3 krakens and merfolk impaler, Ilsuiw; Mara
Vaults:3 Bai Suzhen
Hell Geryon


Innate Abilities, Weirdness & Mutations

Your experience applies equally to all skills.
You have very sharp teeth.
Your uncanny sense of smell can sniff out nearby items.
Your magical capacity is low. (-10% MP)


Message History

The titan gestures wildly while chanting.
The titan is healed somewhat.
Unknown command.
You hit the titan. You bite the titan!
The titan is severely wounded.
Unknown command.
You hit the titan.
The titan is severely wounded.
The titan mumbles some strange words.
The titan is healed somewhat.
Unknown command.
You bludgeon the titan!!
The titan is almost dead.
The titan hits you but does no damage.
Unknown command.
You sock the titan! You bite the titan.
The titan is almost dead.
The titan points at you and mumbles some strange words.
The bolt of lightning hits you!
You die...

......h.........≈≈#
.................≈#
##
.......2h........#*
#.#
.........2......#*
#.#
.........h.....#*
#.#
...........2..#*
#.# ....###....hh##
##.# .###*
##....#.###.# **
##..###.#@## ###*
##C## ##.# #.# #.#
#.# ##


You could see a titan.

Vanquished Creatures
  Khufu (Crypt:3)
  An ancient lich (Depths:2)
  Mennas (Depths:4)
  3 juggernauts (Depths:4)
  Sojobo (Vaults:2)
  Boris (Depths:5)
  Jory (Vaults:3)
  2 golden dragons
  the Enchantress (Depths:5)
  Arachne (Spider:4)
  The ghost of Peloso the Peltast, an adept DsFi of Okawaru (Vaults:3)
  A bone dragon (Crypt:3)
  A profane servitor (Crypt:3)
  5 tentacled monstrosities
  A titan (Depths:4)
  8 liches
  Asterion (Spider:4)
  Polyphemus (Shoals:3)
  4 deep elf blademasters
  A deep elf master archer (Elf:3)
  A tentacled starspawn (Abyss:2)
  A kraken (Shoals:4)
  4 ancient champions
  3 sphinxes
  A tengu reaver (Vaults:2)
  A storm dragon (Depths:3)
  A shadow dragon (Depths:5)
  4 revenants
  6 fire giants
  6 ghost moths
  A draconian knight (Depths:5)
  12 deep elf sorcerers
  14 vault wardens
  4 frost giants
  A curse skull (Crypt:2)
  2 emperor scorpions
  5 deep elf elementalists (Elf:3)
  15 ironheart preservers
  A draconian annihilator (Depths:5)
  5 ghouls
  16 stone giants
  6 spriggan defenders
  19 very ugly things
  A green draconian (Depths:5)
  A juggernaut skeleton (Crypt:2)
  A war gargoyle (Vaults:1)
  11 entropy weavers
  8 vampire knights
  13 deep elf annihilators
  10 deep elf demonologists
  4 dire elephants (Lair:6)
  3 black draconians (Depths:5)
  A spark wasp (shapeshifter) (Vaults:2)
  2 white draconians (Depths:5)
  A red draconian (Volcano)
  11 ettins
  2 merfolk javelineers (Shoals:4)
  6 spark wasps
  2 eidola
  7 deep elf death magi
  A minotaur (Lab)
  2 mummy priests (Crypt:3)
  14 fire dragons
  A blizzard demon (Hell)
  9 yaktaur captains
  Fannar (D:10)
  3 merfolk impalers
  29 jiangshi
  9 vault guards
  7 deep elf high priests
  11 great orbs of eyes
  5 spriggan air magi
  16 ice dragons
  12 hydras
  7 rakshasas
  4 merfolk avatars
  A catoblepas (Shoals:3)
  20 centaur warriors
  An anaconda (Lair:6)
  2 death yaks (Shoals:3)
  6 death knights
  An alligator snapping turtle (Shoals:3)
  4 merfolk aquamancers (Shoals:4)
  25 dancing weapons
  5 hell hogs
  13 deep troll earth magi
  40 two-headed ogres
  6 deep troll shamans
  14 tengu warriors
  14 ogre magi
  6 orc high priests
  6 vampire magi
  2 thrashing horrors (Abyss:2)
  2 titan zombies
  A queen ant (Spider:4)
  2 soul eaters (Hell)
  7 spriggan berserkers
  2 wretched stars (Abyss:2)
  19 hell knights
  21 deep elf knights
  3 titan skeletons
  2 sun demons (Hell)
  5 shadow wraiths
  3 iron trolls
  29 skeletal warriors
  8 flayed ghosts
  9 sea snakes
  A storm dragon skeleton (Crypt:2)
  An anaconda zombie (Crypt:1)
  23 deep trolls
  5 unseen horrors
  13 wizards
  A golden dragon skeleton (Crypt:2)
  A salamander mystic (Volcano)
  A swamp dragon (shapeshifter) (Elf:3)
  3 glowing orange brains
  2 shadow demons (Abyss:2)
  11 deep elf archers
  A shadow dragon zombie (Depths:3)
  A death drake (shapeshifter) (Vaults:3)
  9 large abominations
  2 fire giant zombies (Crypt:2)
  A wolf spider zombie (Crypt:2)
  A tengu zombie (Vaults:3)
  22 harpies
  17 orc knights
  8 phantasmal warriors
  22 ironbrand convokers
  A lindwurm (shapeshifter) (Depths:4)
  A tengu skeleton (Vaults:3)
  9 necromancers
  A stone giant zombie (Vaults:3)
  A sphinx skeleton (Depths:3)
  2 shadow dragon skeletons
  16 orb spiders
  14 fauns
  62 deep elf magi
  A faun (shapeshifter) (Depths:4)
  38 wolf spiders
  26 ugly things
  An iron dragon skeleton (Crypt:2)
  A worldbinder (Abyss:2)
  8 orc sorcerers
  An iron dragon zombie (Crypt:2)
  12 cyclopes
  20 manticores
  5 salamanders (Volcano)
  8 merfolk sirens
  A rust devil (Depths:3)
  5 moths of wrath
  5 water nymphs
  A fire giant skeleton (Crypt:2)
  11 vault sentinels
  3 black mambas
  17 elephants
  Psyche (D:8)
  A smoke demon (Abyss:2)
  A water nymph (shapeshifter) (D:15)
  An apocalypse crab (Abyss:2)
  2 frost giant skeletons
  A gargoyle (D:15)
  A dire elephant zombie (Crypt:2)
  5 spectral swamp worms (Depths:2)
  9 spiny frogs
  A rime drake (Lair:4)
  A yaktaur zombie (Vaults:3)
  A komodo dragon (shapeshifter) (Depths:1)
  3 torpor snails
  A yaktaur (shapeshifter) (Abyss:2)
  A sea snake zombie (Crypt:2)
  11 freezing wraiths
  50 yaktaurs
  7 guardian mummies (Crypt:3)
  18 demonic crawlers
  5 ancient zymes (Abyss:2)
  9 komodo dragons
  4 tengu conjurers
  A minotaur zombie (Crypt:1)
  A polar bear (shapeshifter) (Elf:3)
  A queen bee (shapeshifter) (Depths:2)
  44 merfolk
  A polar bear (Lair:4)
  24 jumping spiders
  20 hornets
  14 trolls
  5 wind drakes
  A wolf spider simulacrum (Crypt:1)
  2 harpy skeletons
  An ettin zombie (Crypt:2)
  15 slime creatures
  15 dream sheep
  An ice dragon zombie (Crypt:1)
  5 snapping turtles
  8 blink frogs
  A fire dragon zombie (Crypt:1)
  13 hippogriffs
  An iron dragon simulacrum (Crypt:2)
  A meliai zombie (D:15)
  2 raiju (Abyss:2)
  A fire dragon skeleton (Crypt:2)
  2 hippogriffs (shapeshifter)
  An ettin skeleton (Crypt:2)
  10 water elementals
  An ice dragon skeleton (Crypt:2)
  66 flying skulls
  69 redbacks
  10 shadows
  A spriggan simulacrum (Depths:3)
  4 air elementals
  4 spriggans (Depths:5)
  3 tarantellas (shapeshifter)
  8 wraiths
  6 wyverns
  A fire bat (shapeshifter) (Vaults:2)
  2 spriggans (shapeshifter)
  2 fire elementals
  4 hogs (D:12)
  3 humans (shapeshifter)
  A human (D:12)
  38 tarantellas
  7 fire bats (Volcano)
  40 yaks
  8 golden eyes (Abyss:2)
  6 hungry ghosts
  6 wargs
  4 basilisks
  5 vampire mosquitoes
  3 acid dragons
  15 water moccasins
  27 soldier ants (Spider:4)
  A floating eye (Depths:3)
  A monstrous demonspawn skeleton (Crypt:3)
  11 porcupines
  8 hell hounds (Depths:1)
  2 floating eyes (shapeshifter)
  34 orc warriors
  A merfolk skeleton (Crypt:2)
  An ice beast (shapeshifter) (Elf:1)
  2 black bears
  A sky beast (D:7)
  21 ogres
  An ettin simulacrum (Crypt:3)
  4 necrophages (Crypt:3)
  A dream sheep zombie (Crypt:1)
  11 wolves
  2 phantoms
  5 ice beasts
  9 boggarts
  18 centaurs
  A manticore skeleton (Crypt:2)
  The ghost of Lokiki the Grave Robber, an amateur DsNe (D:3)
  6 crocodiles
  A big kobold (D:12)
  21 bullfrogs
  2 earth elementals
  A glowing shapeshifter simulacrum (Vaults:1)
  3 wyvern skeletons
  A water moccasin skeleton (D:6)
  3 scorpions
  A hornet simulacrum (Vaults:1)
  A human simulacrum (Vaults:3)
  6 killer bees (D:12)
  A raiju skeleton (Crypt:2)
  18 wights
  A warg skeleton (Crypt:2)
  5 electric eels
  6 howler monkeys
  7 starcursed masses (Abyss:2)
  9 crimson imps
  A wolf skeleton (Crypt:1)
  5 lava snakes (Volcano)
  5 quasits
  8 small abominations
  An iron imp (Abyss:2)
  21 orc priests
  3 centaur zombies
  3 hounds
  2 jellies
  35 orc wizards
  3 bullfrog skeletons
  9 centaur skeletons
  Jessica (D:3)
  3 iguanas
  A human skeleton (Crypt:2)
  21 worker ants
  A hell rat (Hell)
  A hound zombie (D:9)
  3 hound skeletons
  2 worker ant zombies
  Robin (D:2)
  11 adders
  4 gnolls (D:3)
  A steam dragon skeleton (Crypt:2)
  2 shadow imps (D:15)
  An ufetubus (Depths:3)
  2 oozes
  2 adder skeletons (D:4)
  A halfling skeleton (Crypt:1)
  2 worms
  A dart slug (D:1)
  6 leopard geckos
  117 orcs
  4 bats
  7 giant cockroaches
  19 goblins
  15 hobgoblins
  13 jackals
  6 quokkas
  8 frilled lizards
  11 kobolds
  A kobold zombie (Crypt:1)
  A leopard gecko skeleton (D:6)
  An orc skeleton (Crypt:1)
  A quokka skeleton (D:4)
  17 rats
  A spectral orc (Crypt:3)
  4 crawling corpses (Elf:3)
  A fungus (Lair:2)
  14 plants
  3 starspawn tentacles (Abyss:2)
  4 tentacles (Shoals:4)
2386 creatures vanquished.

Vanquished Creatures (collateral kills)
  A tengu reaver (Vaults:2)
  A deep elf sorcerer (Vaults:3)
  2 dire elephants (Lair:6)
  2 orc knights (Vaults:3)
  A jumping spider (Spider:3)
  3 redbacks (Spider:3)
  2 yaks (D:14)
  3 tarantellas (Spider:1)
  An orc warrior (Vaults:3)
  An orc (D:8)
17 creatures vanquished.

Vanquished Creatures (others)
  A vampire knight (Depths:3)
  2 merfolk javelineers
  2 yaktaur captains (Vaults:2)
  A spriggan air mage (Depths:5)
  A centaur warrior (Vaults:1)
  A satyr (Shoals:4)
  An unseen horror (D:15)
  2 deep trolls
  2 deep elf archers
  A manticore (Shoals:3)
  A faun (Shoals:4)
  A cyclops (Shoals:1)
  9 yaktaurs
  A tarantella (Spider:4)
  An eye of draining (Abyss:2)
  A centaur (Vaults:1)
  A small abomination (Abyss:2)
  2 orc wizards (Orc:2)
  2 orcs (Elf:3)
  15 fungi
  86 plants
  2 starspawn tentacles (Abyss:2)
  17 tentacles
153 creatures vanquished.

Grand Total: 2556 creatures vanquished

Notes
Turn   | Place    | Note
-------+----------+-------------------------------------------
     0 | D:1      | Jannitor the Gnoll Arcane Marksman began the quest for the Orb.
     0 | D:1      | Reached XP level 1. HP: 17/17 MP: 4/4
   139 | D:1      | Reached XP level 2. HP: 18/23 MP: 5/5
   526 | D:1      | Learned a level 2 spell: Slow
   705 | D:1      | Reached XP level 3. HP: 28/28 MP: 7/7
  1344 | D:2      | Found a glowing silver altar of Zin.
  1369 | D:2      | Reached skill level 1 in Invocations
  1622 | D:2      | Reached skill level 1 in Short Blades
  1622 | D:2      | Reached skill level 1 in Long Blades
  1622 | D:2      | Reached skill level 1 in Axes
  1622 | D:2      | Reached skill level 1 in Maces & Flails
  1622 | D:2      | Reached skill level 1 in Polearms
  1622 | D:2      | Reached skill level 1 in Staves
  1622 | D:2      | Reached skill level 1 in Slings
  1622 | D:2      | Reached skill level 1 in Bows
  1622 | D:2      | Reached skill level 1 in Crossbows
  1622 | D:2      | Reached skill level 1 in Armour
  1622 | D:2      | Reached skill level 1 in Stealth
  1622 | D:2      | Reached skill level 1 in Shields
  1622 | D:2      | Reached skill level 1 in Unarmed Combat
  1622 | D:2      | Reached skill level 1 in Evocations
  1698 | D:2      | Reached XP level 4. HP: 33/34 MP: 8/8
  1993 | D:2      | Noticed Robin
  2302 | D:3      | Noticed Jessica
  2309 | D:3      | Killed Jessica
  2309 | D:3      | Reached skill level 1 in Conjurations
  2309 | D:3      | Reached skill level 1 in Charms
  2309 | D:3      | Reached skill level 1 in Summonings
  2309 | D:3      | Reached skill level 1 in Necromancy
  2309 | D:3      | Reached skill level 1 in Translocations
  2309 | D:3      | Reached skill level 1 in Transmutations
  2309 | D:3      | Reached skill level 1 in Fire Magic
  2309 | D:3      | Reached skill level 1 in Ice Magic
  2309 | D:3      | Reached skill level 1 in Air Magic
  2309 | D:3      | Reached skill level 1 in Earth Magic
  2309 | D:3      | Reached skill level 1 in Poison Magic
  2327 | D:3      | Learned a level 3 spell: Portal Projectile
  2386 | D:3      | Reached XP level 5. HP: 35/40 MP: 9/9
  2442 | D:3      | Noticed an ice beast
  2649 | D:2      | Killed Robin
  2870 | D:2      | Got an encrusted helmet
  2881 | D:2      | Identified the +2 helmet of Layrhuqi {Str+5 Int+7 Dex+4} (You took it off Robin on level 2 of the Dungeon)
  3504 | D:3      | Noticed Lokiki's ghost (amateur DsNe)
  3938 | D:3      | Killed an ice beast
  3938 | D:3      | Reached skill level 2 in Invocations
  3938 | D:3      | Reached XP level 6. HP: 47/47 MP: 8/11
  3970 | D:4      | Reached skill level 5 in Throwing
  3970 | D:4      | Reached skill level 5 in Dodging
  4002 | D:4      | Got a steaming ring mail
  4015 | D:4      | Identified the +2 ring mail of Lies {+Fly rPois Int-5 SInv} (You found it on level 4 of the Dungeon)
  4263 | D:4      | Reached XP level 7. HP: 44/52 MP: 12/12
  4887 | D:5      | Entered Level 5 of the Dungeon
  4978 | D:5      | Found a staircase to the Ecumenical Temple.
  4994 | Temple   | Entered the Ecumenical Temple
  5086 | Temple   | Became a worshipper of Warmaster Okawaru
  5154 | D:5      | Reached skill level 3 in Invocations
  5286 | D:5      | Reached * piety under Okawaru
  5286 | D:5      | Reached XP level 8. HP: 46/60 MP: 14/14
  5584 | D:5      | Found an ornate altar of the Wu Jian Council.
  5584 | D:5      | Found a white marble altar of Elyvilon.
  5656 | D:5      | Found a sacrificial altar of Ru.
  6114 | D:6      | Found Uganacek's Armour Emporium.
  6987 | D:7      | Reached skill level 4 in Invocations
  7004 | D:7      | Reached XP level 9. HP: 57/66 MP: 16/16
  7167 | D:7      | Reached ** piety under Okawaru
  7492 | D:7      | Learned a level 4 spell: Cause Fear
  7528 | D:8      | Reached skill level 5 in Spellcasting
  7619 | D:8      | Found a shimmering altar of Xom.
  7624 | D:8      | Noticed Psyche
  7635 | D:8      | Learned a level 3 spell: Tukima's Dance
  7646 | D:8      | Killed Psyche
  7646 | D:8      | Reached skill level 5 in Fighting
  7958 | D:8      | Noticed a two-headed ogre
  7974 | D:8      | Killed a two-headed ogre
  7974 | D:8      | Reached *** piety under Okawaru
  7974 | D:8      | Reached skill level 5 in Invocations
  7974 | D:8      | Reached XP level 10. HP: 74/74 MP: 12/18
  8141 | D:8      | Found a stormy altar of Qazlal.
  8375 | D:9      | Found a radiant altar of Vehumet.
  8565 | D:9      | Found an iron altar of Okawaru.
  8602 | D:9      | Got a serpentine bronze amulet
  8603 | D:9      | Identified the amulet of Upodgh {Harm *Drain rElec rN++} (You found it on level 9 of the Dungeon)
  8612 | D:9      | Reached skill level 5 in Short Blades
  8612 | D:9      | Reached skill level 5 in Long Blades
  8612 | D:9      | Reached skill level 5 in Axes
  8612 | D:9      | Reached skill level 5 in Maces & Flails
  8612 | D:9      | Reached skill level 5 in Polearms
  8612 | D:9      | Reached skill level 5 in Staves
  8612 | D:9      | Reached skill level 5 in Slings
  8612 | D:9      | Reached skill level 5 in Bows
  8612 | D:9      | Reached skill level 5 in Crossbows
  8612 | D:9      | Reached skill level 5 in Armour
  8612 | D:9      | Reached skill level 5 in Stealth
  8612 | D:9      | Reached skill level 5 in Shields
  8612 | D:9      | Reached skill level 5 in Unarmed Combat
  8612 | D:9      | Reached skill level 5 in Evocations
  8677 | D:9      | Reached **** piety under Okawaru
  8944 | D:9      | Found a deep blue altar of Sif Muna.
  9019 | D:10     | Entered Level 10 of the Dungeon
  9070 | D:10     | Noticed Fannar
  9232 | D:10     | Killed Fannar
  9232 | D:10     | Reached ***** piety under Okawaru
  9232 | D:10     | Received a gift from Okawaru
  9823 | D:9      | Reached skill level 6 in Invocations
  9871 | D:10     | Found a staircase to the Orcish Mines.
 10244 | D:11     | Noticed a two-headed ogre
 10254 | D:11     | Killed a two-headed ogre
 10263 | D:11     | Reached XP level 11. HP: 57/81 MP: 18/20
 10278 | D:11     | Found a labyrinth entrance.
 10291 | Lab      | Entered a labyrinth
 10811 | Lab      | Noticed a minotaur
 10823 | Lab      | Killed a minotaur
 10823 | Lab      | Received a gift from Okawaru
 10905 | D:11     | Received a gift from Okawaru
 10916 | D:11     | Reached skill level 5 in Conjurations
 10916 | D:11     | Reached skill level 5 in Charms
 10916 | D:11     | Reached skill level 5 in Summonings
 10916 | D:11     | Reached skill level 5 in Necromancy
 10916 | D:11     | Reached skill level 5 in Translocations
 10916 | D:11     | Reached skill level 5 in Transmutations
 10916 | D:11     | Reached skill level 5 in Fire Magic
 10916 | D:11     | Reached skill level 5 in Ice Magic
 10916 | D:11     | Reached skill level 5 in Air Magic
 10916 | D:11     | Reached skill level 5 in Earth Magic
 10916 | D:11     | Reached skill level 5 in Poison Magic
 11370 | D:11     | Found a staircase to the Lair.
 11397 | D:11     | Found Duxene Nimu's Armour Emporium.
 11404 | D:11     | Bought a +1 pair of gloves of dexterity for 181 gold pieces
 11987 | D:12     | Reached skill level 7 in Invocations
 12019 | D:12     | Noticed a white ugly thing
 12140 | D:12     | Found a glowing golden altar of the Shining One.
 13357 | Lair:1   | Entered Level 1 of the Lair of Beasts
 13361 | Lair:1   | Found a dark tunnel.
 13367 | Volcano  | Entered a volcano
 13782 | Volcano  | Reached XP level 12. HP: 80/91 MP: 23/23
 14095 | Volcano  | Noticed a red draconian
 14122 | Volcano  | Killed a red draconian
 14122 | Volcano  | Received a gift from Okawaru
 14141 | Volcano  | Found a bloodstained altar of Trog.
 14174 | Volcano  | Found a radiant altar of Vehumet.
 14785 | Lair:1   | Reached skill level 8 in Invocations
 14958 | Lair:1   | Noticed a seven-headed hydra
 14963 | Lair:1   | Killed a seven-headed hydra
 15414 | Lair:2   | Noticed a six-headed hydra
 15705 | Lair:2   | Killed a six-headed hydra
 15940 | Lair:2   | Reached XP level 13. HP: 98/98 MP: 25/25
 15977 | Lair:2   | Learned a level 5 spell: Metabolic Englaciation
 15983 | Lair:2   | Learned a level 5 spell: Silence
 16339 | Lair:2   | Found a staircase to the Shoals.
 16444 | Lair:2   | Learned a level 2 spell: Passwall
 16449 | Lair:2   | Learned a level 4 spell: Leda's Liquefaction
 16700 | Lair:2   | Found a hole to the Spider Nest.
 16719 | Lair:2   | Received a gift from Okawaru
 18080 | Lair:4   | Reached skill level 9 in Invocations
 19884 | Lair:4   | Received a gift from Okawaru
 20186 | Lair:5   | Reached XP level 14. HP: 96/108 MP: 27/27
 20394 | Lair:5   | Found a staircase to the Slime Pits.
 20395 | Lair:5   | Found a viscous altar of Jiyva.
 21255 | Lair:6   | Entered Level 6 of the Lair of Beasts
 21487 | Lair:6   | Reached skill level 10 in Throwing
 21487 | Lair:6   | Reached skill level 10 in Dodging
 21690 | Lair:6   | Received a gift from Okawaru
 22674 | Lair:6   | Noticed a dire elephant
 22693 | Lair:6   | Killed a dire elephant
 22943 | Lair:6   | Noticed a dire elephant
 22943 | Lair:6   | Noticed a dire elephant
 22959 | Lair:6   | Killed a dire elephant
 22967 | Lair:6   | Killed a dire elephant
 23119 | Lair:6   | Reached skill level 10 in Invocations
 23364 | Lair:6   | Noticed a dire elephant
 23375 | Lair:6   | Killed a dire elephant
 23492 | Lair:6   | Noticed a dire elephant
 23557 | Lair:6   | Killed a dire elephant
 23589 | Lair:6   | Noticed a dire elephant
 23601 | Lair:6   | Killed a dire elephant
 23601 | Lair:6   | Received a gift from Okawaru
 24113 | Orc:1    | Entered Level 1 of the Orcish Mines
 24662 | Orc:1    | Found a roughly hewn altar of Beogh.
 25204 | Orc:1    | Received a gift from Okawaru
 25365 | Orc:2    | Entered Level 2 of the Orcish Mines
 25553 | Orc:2    | Gained mutation: Your magical capacity is low. (-10% MP) [a neqoxec]
 25759 | Orc:2    | Found a staircase to the Elven Halls.
 25999 | Orc:2    | Reached ****** piety under Okawaru
 26068 | Orc:2    | Received a gift from Okawaru
 26069 | Orc:2    | Found the +2 Maxwell's thermic engine {flame, freeze, rF- rC-}
 26684 | Orc:2    | Reached XP level 15. HP: 102/115 MP: 21/26
 26707 | Orc:2    | Reached skill level 10 in Spellcasting
 27017 | Orc:2    | Found Waimneps's Distillery.
 27017 | Orc:2    | Found Oroy's Gadget Shoppe.
 27021 | Orc:2    | Found Vory's Antique Armour Shop.
 27021 | Orc:2    | Found Kigufo's Weapon Shoppe.
 27038 | Orc:2    | Bought a potion of mutation for 104 gold pieces
 27041 | Orc:2    | Bought the +9 hand crossbow "Uczil" {penet, *Corrode rF+++ Dex+4} for 1379 gold pieces
 27448 | D:13     | Reached skill level 10 in Fighting
 27833 | D:13     | Got a transparent sapphire amulet
 28148 | D:13     | Found a gate to the Vaults.
 28153 | D:13     | Identified the amulet "Halagint" {Reflect Dex+7 SH+2} (You found it on level 13 of the Dungeon)
 28154 | D:13     | Identified the amulet of the Many Ghosts {rN+ Regen+ Int+4 SInv} (You found it on level 13 of the Dungeon)
 28333 | D:14     | Received a gift from Okawaru
 28610 | D:14     | Found Xipti's Jewellery Shoppe.
 28654 | D:14     | Reached skill level 10 in Hexes
 28779 | D:14     | Reached skill level 10 in Short Blades
 28779 | D:14     | Reached skill level 10 in Long Blades
 28779 | D:14     | Reached skill level 10 in Axes
 28779 | D:14     | Reached skill level 10 in Maces & Flails
 28779 | D:14     | Reached skill level 10 in Polearms
 28779 | D:14     | Reached skill level 10 in Staves
 28779 | D:14     | Reached skill level 10 in Slings
 28779 | D:14     | Reached skill level 10 in Bows
 28779 | D:14     | Reached skill level 10 in Crossbows
 28779 | D:14     | Reached skill level 10 in Armour
 28779 | D:14     | Reached skill level 10 in Stealth
 28779 | D:14     | Reached skill level 10 in Shields
 28779 | D:14     | Reached skill level 10 in Unarmed Combat
 28779 | D:14     | Reached skill level 10 in Evocations
 28855 | D:14     | Received a gift from Okawaru
 29244 | D:15     | Entered Level 15 of the Dungeon
 29425 | D:15     | Received a gift from Okawaru
 29426 | D:15     | Reached skill level 11 in Invocations
 29489 | D:15     | Received a gift from Okawaru
 29521 | D:15     | Found a staircase to the Depths.
 29600 | D:15     | Found an ornate altar of the Wu Jian Council.
 29601 | D:15     | Found an opulent altar of Gozag.
 29601 | D:15     | Found a shimmering altar of Xom.
 29829 | D:15     | Received a gift from Okawaru
 29995 | D:15     | Reached XP level 16. HP: 124/124 MP: 27/27
 30987 | D:15     | Identified the Grimoire of Torrid Transmutation
 30999 | D:15     | Learned a level 5 spell: Alistair's Intoxication
 31047 | D:15     | Identified the +3 crystal plate armour of Ostre {Dex+4} (You found it on level 15 of the Dungeon)
 31357 | Shoals:1 | Entered Level 1 of the Shoals
 31617 | Shoals:1 | Received a gift from Okawaru
 31626 | Shoals:1 | Identified the +4 plate armour of the Vacuum {-Tele rF+ MR++ rCorr} (Okawaru gifted it to you on level 1 of the Shoals)
 32060 | Shoals:1 | Identified the cursed +1 ring mail of Leapfrog {rN+} (You found it on level 1 of the Shoals)
 32684 | Shoals:2 | Noticed a kraken
 33425 | Shoals:3 | Reached XP level 17. HP: 131/131 MP: 29/29
 33552 | Shoals:3 | Noticed Polyphemus
 33663 | Shoals:3 | Found Xunic's Gadget Shop.
 33675 | Shoals:3 | Bought a wand of acid (10) for 448 gold pieces
 33777 | Shoals:3 | Reached skill level 12 in Invocations
 33872 | Shoals:3 | Noticed a kraken
 33872 | Shoals:3 | Noticed a kraken
 34405 | Shoals:3 | Killed Polyphemus
 34405 | Shoals:3 | Received a gift from Okawaru
 34482 | Shoals:3 | Noticed a kraken
 34511 | Shoals:4 | Entered Level 4 of the Shoals
 34766 | Spider:1 | Entered Level 1 of the Spider Nest
 34944 | Elf:1    | Entered Level 1 of the Elven Halls
 35068 | Elf:1    | Received a gift from Okawaru
 35122 | Elf:1    | Identified the Guide on Arcane Weapons
 35180 | Elf:1    | Received a gift from Okawaru
 35570 | Elf:1    | Found Amuce's General Store.
 35826 | Elf:2    | Found a runed gate.
 35826 | Elf:2    | Found a runed gate.
 35826 | Elf:2    | Found a runed gate.
 36617 | Elf:2    | Noticed a deep elf blademaster
 36638 | Elf:2    | Killed a deep elf blademaster
 36638 | Elf:2    | Reached skill level 10 in Conjurations
 36638 | Elf:2    | Reached skill level 10 in Charms
 36638 | Elf:2    | Reached skill level 10 in Summonings
 36638 | Elf:2    | Reached skill level 10 in Necromancy
 36638 | Elf:2    | Reached skill level 10 in Translocations
 36638 | Elf:2    | Reached skill level 10 in Transmutations
 36638 | Elf:2    | Reached skill level 10 in Fire Magic
 36638 | Elf:2    | Reached skill level 10 in Ice Magic
 36638 | Elf:2    | Reached skill level 10 in Air Magic
 36638 | Elf:2    | Reached skill level 10 in Earth Magic
 36638 | Elf:2    | Reached skill level 10 in Poison Magic
 36767 | Elf:2    | Received a gift from Okawaru
 36767 | Elf:2    | Reached XP level 18. HP: 131/140 MP: 26/30
 36948 | Elf:2    | Received a gift from Okawaru
 37781 | Shoals:3 | Noticed Mara
 37781 | Shoals:3 | Noticed Ilsuiw
 38665 | Shoals:4 | Reached skill level 13 in Invocations
 38904 | Shoals:4 | Received a gift from Okawaru
 39103 | Shoals:4 | Got a barnacled rune of Zot
 40068 | Vaults:1 | Entered Level 1 of the Vaults
 40183 | Vaults:1 | Received a gift from Okawaru
 40190 | Vaults:1 | Identified the +3 chain mail "Jyj Quck" {rF+ Dex+2} (Okawaru gifted it to you on level 1 of the Vaults)
 40586 | Vaults:1 | Reached XP level 19. HP: 147/147 MP: 26/32
 40889 | Vaults:1 | Identified the Collected Works on Mutagenic Envenoming
 41670 | Vaults:2 | Found Ysaby's Magic Scroll Shoppe.
 42069 | Vaults:2 | Noticed a Brimstone Fiend
 42322 | Vaults:2 | Received a gift from Okawaru
 42497 | Vaults:2 | Found a staircase to the Crypt.
 42692 | Vaults:2 | Noticed Sojobo
 42816 | Vaults:2 | Reached XP level 20. HP: 125/156 MP: 33/33
 42904 | Vaults:2 | Reached skill level 14 in Invocations
 43034 | Vaults:2 | Killed Sojobo
 43106 | Vaults:2 | Received a gift from Okawaru
 43110 | Vaults:2 | Identified the +0 large shield of the Equator {rN+} (Okawaru gifted it to you on level 2 of the Vaults)
 44112 | Vaults:3 | Noticed Bai Suzhen
 44159 | Vaults:3 | Found Gisatiwnol's General Store.
 44164 | Vaults:3 | Bought a potion of heal wounds for 80 gold pieces
 44904 | Vaults:3 | Received a gift from Okawaru
 44912 | Vaults:3 | Received a gift from Okawaru
 44927 | Vaults:3 | Noticed Jory
 44932 | Vaults:3 | Received a gift from Okawaru
 44941 | Vaults:3 | Noticed Peloso's ghost (adept DsFi)
 44947 | Vaults:3 | Killed Jory
 44947 | Vaults:3 | Reached XP level 21. HP: 127/161 MP: 25/34
 44973 | Vaults:3 | Killed Peloso's ghost
 45165 | Vaults:3 | Found Siur's Assorted Antiques.
 45364 | Vaults:3 | Received a gift from Okawaru
 45647 | Vaults:3 | Found Lomi's Distillery.
 45656 | Vaults:3 | Bought a potion of heal wounds for 55 gold pieces
 45656 | Vaults:3 | Bought a potion of curing for 33 gold pieces
 45656 | Vaults:3 | Bought a potion of curing for 33 gold pieces
 45656 | Vaults:3 | Bought a potion of agility for 44 gold pieces
 45656 | Vaults:3 | Bought a potion of invisibility for 88 gold pieces
 45915 | Vaults:3 | Found Ofesacoll's General Store.
 45922 | Vaults:3 | Bought a scroll of enchant armour for 165 gold pieces
 46243 | Vaults:3 | Found Qots's Antique Armour Shoppe.
 46369 | Vaults:4 | Found Gauppam's Armour Boutique.
 46379 | Vaults:4 | Found Homigh's Distillery.
 46402 | Vaults:4 | Bought a potion of heal wounds for 85 gold pieces
 46402 | Vaults:4 | Bought a potion of heal wounds for 85 gold pieces
 46402 | Vaults:4 | Bought a potion of heal wounds for 85 gold pieces
 46402 | Vaults:4 | Bought a potion of heal wounds for 85 gold pieces
 46758 | Vaults:4 | Reached skill level 15 in Invocations
 47389 | Vaults:4 | Received a gift from Okawaru
 48009 | Crypt:1  | Entered Level 1 of the Crypt
 48083 | Crypt:1  | Received a gift from Okawaru
 48614 | Crypt:1  | Reached XP level 22. HP: 172/172 MP: 36/36
 50164 | Crypt:1  | Received a gift from Okawaru
 50480 | Crypt:2  | Received a gift from Okawaru
 51110 | Crypt:2  | Reached skill level 15 in Throwing
 51110 | Crypt:2  | Reached skill level 15 in Dodging
 51661 | Crypt:2  | Received a gift from Okawaru
 51798 | Crypt:3  | Entered Level 3 of the Crypt
 52068 | Crypt:3  | Found an ancient bone altar of Kikubaaqudgha.
 52342 | Crypt:3  | Identified a scroll of acquirement
 52448 | Crypt:3  | Received a gift from Okawaru
 52665 | Crypt:3  | Noticed a profane servitor
 52685 | Crypt:3  | Killed a profane servitor
 52903 | Crypt:3  | Noticed Khufu
 53084 | Crypt:3  | Reached XP level 23. HP: 179/179 MP: 34/37
 53173 | Crypt:3  | Killed Khufu
 53290 | Crypt:3  | Found a staircase to the Tomb.
 53349 | Crypt:3  | Identified the Grimoire of Evil Rites
 53360 | Crypt:3  | Learned a level 7 spell: Haunt
 53405 | Crypt:3  | Reached skill level 15 in Spellcasting
 53530 | Crypt:3  | Reached skill level 15 in Fighting
 53868 | Crypt:3  | Received a gift from Okawaru
 53868 | Crypt:3  | Reached skill level 16 in Invocations
 53875 | Crypt:3  | Identified the +3 battleaxe of Resourcefulness {drain, *Drain Int+4} (Okawaru gifted it to you on level 3 of the Crypt)
 54557 | Elf:3    | Entered Level 3 of the Elven Halls
 54687 | Elf:3    | Found a shimmering altar of Xom.
 54838 | Elf:3    | Reached skill level 15 in Short Blades
 54838 | Elf:3    | Reached skill level 15 in Long Blades
 54838 | Elf:3    | Reached skill level 15 in Axes
 54838 | Elf:3    | Reached skill level 15 in Maces & Flails
 54838 | Elf:3    | Reached skill level 15 in Polearms
 54838 | Elf:3    | Reached skill level 15 in Staves
 54838 | Elf:3    | Reached skill level 15 in Slings
 54838 | Elf:3    | Reached skill level 15 in Bows
 54838 | Elf:3    | Reached skill level 15 in Crossbows
 54838 | Elf:3    | Reached skill level 15 in Armour
 54838 | Elf:3    | Reached skill level 15 in Stealth
 54838 | Elf:3    | Reached skill level 15 in Shields
 54838 | Elf:3    | Reached skill level 15 in Unarmed Combat
 54838 | Elf:3    | Reached skill level 15 in Evocations
 55041 | Elf:3    | Received a gift from Okawaru
 55337 | Elf:3    | Cast into level 2 of the Abyss (deep elf annihilator)
 55859 | Abyss:2  | Received a gift from Okawaru
 55942 | Elf:3    | Escaped the Abyss
 56377 | Elf:3    | Reached XP level 24. HP: 178/189 MP: 38/38
 56379 | Elf:3    | Got a glittering copper ring
 56547 | Elf:3    | Identified the -6 pair of boots of Cyff {rElec rPois SInv} (You found it on level 3 of the Elven Halls)
 56548 | Elf:3    | Identified the cursed ring of Vupt {Str+4 Int-3} (You took it off a deep elf demonologist on level 3 of the Elven Halls)
 56557 | Elf:3    | Identified the Handbook of the Ensnaring Escort
 56578 | Elf:3    | Identified the +10 arbalest "Roedyke" {velocity, *Slow rPois MR+++} (You found it on level 3 of the Elven Halls)
 56582 | Elf:3    | Identified the +4 demon trident of the Blowfly {freeze, rElec MR- Dex+2} (You found it on level 3 of the Elven Halls)
 56601 | Elf:3    | Learned a level 3 spell: Regeneration
 56605 | Elf:3    | Learned a level 3 spell: Spectral Weapon
 56608 | Elf:3    | Learned a level 2 spell: Song of Slaying
 56748 | Elf:3    | Received a gift from Okawaru
 57458 | D:14     | Bought an uncursed ring of protection from fire for 400 gold pieces
 57605 | Depths:1 | Entered Level 1 of the Depths
 57988 | Depths:1 | Found a gateway to Hell.
 59706 | Depths:2 | Received a gift from Okawaru
 59793 | Depths:2 | Found a portal to a secret trove of treasure.
 59841 | Depths:2 | You paid a toll of 4 scrolls of blinking to enter a treasure trove
 59842 | Trove    | Entered a treasure trove
 59852 | Trove    | Got a translucent iron ring
 59854 | Trove    | Got a warped longbow
 59855 | Trove    | Identified the +2 longbow "Grum" {venom, rN+} (You found it in a treasure trove)
 59862 | Trove    | Got a pair of dazzling gloves
 59873 | Trove    | Identified the +1 pair of gloves of Inquiry {rCorr} (You found it in a treasure trove)
 59877 | Trove    | Got a clouded lead ring
 59878 | Trove    | Identified the ring of Keneony {*Drain rElec MP+9 Str+4} (You found it in a treasure trove)
 59880 | Trove    | Got a translucent lapis lazuli ring
 59906 | Trove    | Identified the ring of Fedhas's Hope {rF+ rN+} (You found it in a treasure trove)
 59910 | Trove    | Identified the ring "Iclogh" {rCorr Str-4 Int+9 Slay+5 SInv} (You found it in a treasure trove)
 60704 | Depths:2 | Noticed an ancient lich
 60711 | Depths:2 | Killed an ancient lich
 61041 | Depths:2 | Found a one-way gate to the infinite horrors of the Abyss.
 61345 | Depths:3 | Reached skill level 17 in Invocations
 61525 | Depths:3 | Reached XP level 25. HP: 181/197 MP: 38/38
 61625 | Depths:3 | Found a one-way gate leading to the halls of Pandemonium.
 62132 | Depths:3 | Received a gift from Okawaru
 62369 | Depths:3 | Received a gift from Okawaru
 62872 | Depths:4 | Found a gateway to a ziggurat.
 63214 | Depths:4 | Received a gift from Okawaru
 63277 | Depths:4 | Noticed a juggernaut
 63290 | Depths:4 | Killed a juggernaut
 63340 | Depths:4 | Received a gift from Okawaru
 63342 | Depths:4 | Noticed a juggernaut
 63351 | Depths:4 | Killed a juggernaut
 63396 | Depths:4 | Received a gift from Okawaru
 63550 | Depths:4 | Noticed a juggernaut
 63563 | Depths:4 | Killed a juggernaut
 63563 | Depths:4 | Received a gift from Okawaru
 63793 | Depths:4 | Found Hituppah's Weapon Emporium.
 63798 | Depths:4 | Received a gift from Okawaru
 63897 | Depths:4 | Received a gift from Okawaru
 64016 | Depths:4 | Noticed Mennas
 64047 | Depths:4 | Killed Mennas
 64085 | Depths:4 | Reached skill level 15 in Summonings
 64496 | Depths:5 | Entered Level 5 of the Depths
 64501 | Depths:5 | Noticed Boris
 64715 | Depths:4 | Reached XP level 26. HP: 205/206 MP: 39/39
 65022 | Depths:5 | Reached skill level 15 in Hexes
 65262 | Depths:5 | Found a gate to the Realm of Zot.
 65491 | Depths:5 | Killed Boris
 65514 | Depths:5 | Noticed the Enchantress
 65545 | Depths:5 | Killed the Enchantress
 65547 | Depths:5 | Got faerie dragon scales
 65602 | Depths:5 | Identified the +2 faerie dragon scales {rPois rCorr} (You took it off the Enchantress on level 5 of the Depths)
 65854 | Depths:5 | Received a gift from Okawaru
 66417 | Vaults:2 | Bought a scroll of summoning for 199 gold pieces
 66417 | Vaults:2 | Bought a scroll of teleportation for 63 gold pieces
 66893 | Spider:1 | Reached skill level 18 in Invocations
 67336 | Spider:1 | Received a gift from Okawaru
 67703 | Spider:2 | Identified the +0 pair of boots of the Rabble {Str+3 Dex+4} (You acquired it on level 2 of the Spider Nest)
 67996 | Spider:2 | Received a gift from Okawaru
 68040 | Spider:2 | Learned a level 2 spell: Blink
 68295 | Spider:2 | Identified the +1 pair of boots "Amnuank" {rCorr Str-2 Int+6 Dex-4} (You acquired it on level 2 of the Spider Nest)
 68599 | Spider:3 | Received a gift from Okawaru
 68745 | Spider:3 | Learned a level 6 spell: Death Channel
 69044 | Spider:4 | Entered Level 4 of the Spider Nest
 69256 | Spider:4 | Noticed Arachne
 69269 | Spider:4 | Killed Arachne
 69376 | Spider:4 | Reached XP level 27. HP: 178/214 MP: 23/39
 69389 | Spider:4 | Received a gift from Okawaru
 69643 | Spider:4 | Noticed Asterion
 69663 | Spider:4 | Killed Asterion
 70366 | Spider:4 | Got a gossamer rune of Zot
 70711 | D:2      | Fell from the grace of Okawaru
 70711 | D:2      | Became a worshipper of Zin the Law-Giver
 70711 | D:2      | Reached * piety under Zin
 70711 | D:2      | Reached ** piety under Zin
 70741 | D:3      | Killed Lokiki's ghost
 71112 | Hell     | Entered the Vestibule of Hell
 71112 | Hell     | Noticed Geryon
 71115 | Depths:1 | Donated 1339 gold pieces to Zin
 71150 | Hell     | Reached *** piety under Zin
 71205 | Hell     | Killed from afar by a titan

Skill      XL: |  1  2  3  4  5  6  7  8  9 10 11 12 13 14 15 16 17 18 19 20 21 22 23 24 25 26 27 |
---------------+----------------------------------------------------------------------------------+-----
Invocations    | 1 2 3 4 5 6 7 8 9 10 11 12 13 14 15 16 17 18 | 18.4
Short Blades   | 1 2 3 4 5 6 7 8 9 10 11 12 13 14 15 16 17 | 17.1
Long Blades    | 1 2 3 4 5 6 7 8 9 10 11 12 13 14 15 16 17 | 17.1
Axes           | 1 2 3 4 5 6 7 8 9 10 11 12 13 14 15 16 17 | 17.1
Maces & Flails | 1 2 3 4 5 6 7 8 9 10 11 12 13 14 15 16 17 | 17.1
Polearms       | 1 2 3 4 5 6 7 8 9 10 11 12 13 14 15 16 17 | 17.1
Staves         | 1 2 3 4 5 6 7 8 9 10 11 12 13 14 15 16 17 | 17.1
Slings         | 1 2 3 4 5 6 7 8 9 10 11 12 13 14 15 16 17 | 17.1
Bows           | 1 2 3 4 5 6 7 8 9 10 11 12 13 14 15 16 17 | 17.1
Crossbows      | 1 2 3 4 5 6 7 8 9 10 11 12 13 14 15 16 17 | 17.1
Armour         | 1 2 3 4 5 6 7 8 9 10 11 12 13 14 15 16 17 | 17.1
Stealth        | 1 2 3 4 5 6 7 8 9 10 11 12 13 14 15 16 17 | 17.1
Shields        | 1 2 3 4 5 6 7 8 9 10 11 12 13 14 15 16 17 | 17.1
Unarmed Combat | 1 2 3 4 5 6 7 8 9 10 11 12 13 14 15 16 17 | 17.1
Evocations     | 1 2 3 4 5 6 7 8 9 10 11 12 13 14 15 16 17 | 17.1
Spellcasting   | 3 4 5 6 7 8 9 10 11 12 13 14 15 16 17 | 17.3
Conjurations   | 1 2 3 4 5 6 7 8 9 10 11 12 13 14 | 14.7
Charms         | 1 2 3 4 5 6 7 8 9 10 11 12 13 14 | 14.7
Summonings     | 1 2 3 4 5 6 7 8 9 10 11 12 13 14 15 | 15.9
Necromancy     | 1 2 3 4 5 6 7 8 9 10 11 12 13 14 | 14.7
Translocations | 1 2 3 4 5 6 7 8 9 10 11 12 13 14 | 14.7
Transmutations | 1 2 3 4 5 6 7 8 9 10 11 12 13 14 | 14.7
Fire Magic     | 1 2 3 4 5 6 7 8 9 10 11 12 13 14 | 14.7
Ice Magic      | 1 2 3 4 5 6 7 8 9 10 11 12 13 14 | 14.7
Air Magic      | 1 2 3 4 5 6 7 8 9 10 11 12 13 14 | 14.7
Earth Magic    | 1 2 3 4 5 6 7 8 9 10 11 12 13 14 | 14.7
Poison Magic   | 1 2 3 4 5 6 7 8 9 10 11 12 13 14 | 14.7
Fighting       | 3 4 5 6 7 8 9 10 11 12 13 14 15 16 17 | 17.2
Throwing       | 5 6 7 8 9 10 11 12 13 14 15 16 17 | 17.5
Dodging        | 5 6 7 8 9 10 11 12 13 14 15 16 17 | 17.5
Hexes          | 6 7 8 9 10 11 12 13 14 15 | 15.5

Action                   |  1- 3 |  4- 6 |  7- 9 | 10-12 | 13-15 | 16-18 | 19-21 | 22-24 | 25-27 || total
-------------------------+-------+-------+-------+-------+-------+-------+-------+-------+-------++-------
Melee: Whip              |    48 |       |       |       |       |       |       |       |       ||    48
       Unarmed           |     9 |       |       |       |       |       |       |       |       ||     9
       Bite              |    17 |    28 |    41 |   143 |   137 |    54 |    60 |   187 |    66 ||   733
       Short sword       |   119 |   153 |    19 |    93 |       |       |       |       |       ||   384
       Punch             |     1 |     1 |     6 |     4 |       |       |       |       |       ||    12
       Flail             |       |    51 |   250 |       |       |       |       |       |       ||   301
       Quarterstaff      |       |       |       |   564 |   538 |       |       |       |       ||  1102
       Quick blade       |       |       |       |    43 |       |       |       |       |       ||    43
       Lajatang          |       |       |       |       |   169 |    29 |       |       |       ||   198
       Double sword      |       |       |       |       |       |   265 |   252 |       |       ||   517
       Broad axe         |       |       |       |       |       |       |    94 |   392 |       ||   486
       Great mace        |       |       |       |       |       |       |       |   594 |   339 ||   933
       Arbalest          |       |       |       |       |       |       |       |       |     9 ||     9
 Fire: Hand crossbow     |       |       |       |       |   739 |  1086 |  1225 |   631 |       ||  3681
       Arbalest          |       |       |       |       |       |       |       |   385 |  1132 ||  1517
Throw: Javelin           |       |    26 |    17 |   104 |    25 |       |     1 |    42 |       ||   215
       Tomahawk          |       |       |     7 |    15 |     6 |       |       |       |       ||    28
       Throwing net      |       |       |       |     3 |       |       |       |       |       ||     3
 Cast: Slow              |       |     3 |     3 |     5 |     4 |       |       |       |       ||    15
       Portal Projectile |       |       |     1 |     2 |     1 |    14 |     1 |     5 |       ||    24
       Tukima's Dance    |       |       |     2 |       |     1 |       |     2 |       |       ||     5
       Cause Fear        |       |       |       |     2 |     1 |     2 |       |       |       ||     5
       Metabolic Englaci |       |       |       |       |    35 |     4 |     8 |     4 |     1 ||    52
       Leda's Liquefacti |       |       |       |       |     3 |       |       |       |       ||     3
       Alistair's Intoxi |       |       |       |       |       |     1 |       |       |       ||     1
       Silence           |       |       |       |       |       |       |       |     7 |     1 ||     8
       Spectral Weapon   |       |       |       |       |       |       |       |       |     1 ||     1
       Death Channel     |       |       |       |       |       |       |       |       |     1 ||     1
       Blink             |       |       |       |       |       |       |       |       |     2 ||     2
Invok: Heroism           |       |       |     1 |    13 |    14 |    12 |     8 |    16 |    15 ||    79
       Finesse           |       |       |       |       |       |     1 |     3 |    11 |    11 ||    26
       Recite            |       |       |       |       |       |       |       |       |     3 ||     3
       Vitalisation      |       |       |       |       |       |       |       |       |     1 ||     1
       Donate Gold       |       |       |       |       |       |       |       |       |     1 ||     1
 Abil: Stop Flying       |       |       |       |       |     1 |       |     1 |       |     1 ||     3
       Evoke Flight      |       |       |       |       |     1 |       |     1 |       |       ||     2
Evoke: Lamp of fire      |       |       |       |     1 |     1 |     2 |     5 |     4 |     4 ||    17
       Wand              |       |       |       |    14 |     1 |    25 |     4 |    12 |     4 ||    60
       Sack of spiders   |       |       |       |       |     6 |     2 |     1 |       |       ||     9
       Fan of gales      |       |       |       |       |     1 |     1 |       |     1 |     1 ||     4
  Use: Scroll            |     1 |     5 |    16 |     8 |    12 |    14 |     6 |    46 |    13 ||   121
       Potion            |       |       |     1 |     7 |     8 |     7 |     8 |    12 |    12 ||    55
 Stab: Sleeping          |     2 |     2 |    10 |    10 |     6 |     3 |     3 |     2 |       ||    38
       Distracted        |       |       |       |     1 |     6 |       |     6 |     1 |     1 ||    15
       Paralysed         |       |       |       |    10 |       |       |       |       |       ||    10
       Held in net/web   |       |       |       |       |       |       |     1 |       |       ||     1
  Eat: Chunk             |     3 |     8 |    10 |    13 |    32 |    28 |    16 |    14 |    11 ||   135
       Ration            |       |       |     1 |     4 |     7 |     2 |     4 |     8 |     5 ||    31
Armor: Robe              |    32 |       |       |       |       |       |       |       |       ||    32
       Ring mail         |    14 |    77 |   102 |   222 |   297 |   153 |     7 |       |       ||   872
       Ice dragon scales |       |       |       |       |       |       |   256 |   246 |       ||   502
       Crystal plate arm |       |       |       |       |       |       |       |   519 |   363 ||   882
       Gold dragon scale |       |       |       |       |       |       |       |       |   565 ||   565
Dodge: Dodged            |   118 |   153 |   254 |   678 |   883 |   603 |   585 |  1079 |   899 ||  5252
       Deflected         |       |       |       |       |       |    33 |    49 |    45 |    19 ||   146
Block: Buckler           |       |       |       |       |       |   287 |   448 |   406 |       ||  1141
       Reflection        |       |       |       |       |       |    74 |    61 |     2 |       ||   137
       Rpst.: Double sword |       |       |       |       |       |    44 |    29 |       |       ||    73
